 Dungeon Crawl Stone Soup version 0.27.1-1-g398f81649c (webtiles) character file.

Game seed: 14177506752366938117

116 H0rd4k the Insei (level 5, -1/33 HPs)
             Began as an Octopode Transmuter on Sept 6, 2021.
             Slain by a centaur zombie (5 damage)
             ... on level 4 of the Dungeon.
             The game lasted 00:02:33 (3363 turns).

H0rd4k the Insei (Octopode Transmuter)              Turns: 3363, Time: 00:02:34

Health: -1/33      AC:  1    Str:  9    XL:     5   Next: 0%
Magic:  9/9        EV: 13    Int: 16    God:
Gold:   94         SH:  0    Dex: 13    Spells: 6/10 levels left

rFire    . . .     SeeInvis .     - Unarmed
rCold    . . .     Faith    .   (no shield)
rNeg     . . .     Spirit   .   (helmet restricted)
rPois    .         Reflect  .   (no amulet)
rElec    .         Harm     .   (no ring)
rCorr    .         Rampage  .   (no ring)
Will     .....                  (no ring)
Stlth    ++........             (no ring)
HPRegen  0.11/turn              (no ring)
MPRegen  0.11/turn              (no ring)
                                (no ring)
                                (no ring)

@: no status effects
A: almost no armour, amphibious, 8 rings, camouflage 1, gelatinous body 1,
(nimble swimmer 1), tentacles
a: no special abilities


You were on level 4 of the Dungeon.
You visited 1 branch of the dungeon, and saw 4 of its levels.

You collected 94 gold pieces.

Inventory:

Missiles
 p - 10 poisoned darts
Jewellery
 q - an amulet of magic regeneration
Scrolls
 d - a scroll of acquirement {unknown}
 e - 4 scrolls of identify {unknown}
 g - a scroll of teleportation {unknown}
 i - a scroll of enchant armour {unknown}
 j - a scroll of fog {unknown}
 k - a scroll of brand weapon {unknown}
 m - a scroll of immolation {unknown}
 n - a scroll of amnesia {unknown}
Potions
 a - 2 potions of degeneration {unknown}
 b - 3 potions of attraction {unknown}
 c - 2 potions of flight {unknown}
 f - a potion of mutation {unknown}
 h - a potion of berserk rage {unknown}
 l - a potion of lignification {unknown}
 o - a potion of invisibility {unknown}


   Skills:
 + Level 1.1 Fighting
 + Level 2.3 Dodging
 + Level 4.3 Unarmed Combat
 * Level 3.0 Spellcasting
 * Level 2.5 Transmutations


You had 6 spell levels left.
You knew the following spells:

 Your Spells              Type           Power      Damage    Failure   Level
a - Beastly Appendage     Tmut           20%        N/A       7%          1
b - Spider Form           Tmut/Pois      3%         N/A       32%         3

Your spell library contained the following spells:

 Spells                   Type           Power      Damage    Failure   Level
 Wereblood                Tmut           10%        N/A       10%         2
 Ice Form                 Ice/Tmut       6%         N/A       73%         4
 Passage of Golubria      Tloc           N/A        N/A       88%         4
 Silence                  Hex/Air        1%         N/A       99%         5
 Lehudib's Crystal Spear  Conj/Erth      1%         10d2      100%        8


Dungeon Overview and Level Annotations

Branches:
Dungeon (4/15)
 Temple: D:4-7

Altars:
Xom

Annotations:
D:3 3 runed translucent doors, exclusion: 3 doors, Atelerd's ghost, amateur OpEE


Innate Abilities, Weirdness & Mutations

You cannot wear most types of armour.
You are amphibious.
You can wear up to eight rings at the same time.
Your skin changes colour to match your surroundings (Stealth+).
Your rubbery body absorbs attacks. (AC +1, EV +1)
((You are camouflaged near water. (Stealth+)))
You have tentacles for arms and can constrict up to eight enemies at once.


Message History

The shadow imp is heavily wounded.
You constrict the shadow imp. The shadow imp hits you.
You tentacle-slap the shadow imp.
The shadow imp is almost dead.
You constrict the shadow imp.
You kill the shadow imp!
You closely miss the quokka. You grab the quokka. You constrict the quokka.
The quokka bites you.
You tentacle-slap the quokka but do no damage.
You squeeze the quokka.
You kill the quokka!
You have reached level 5!
You feel agile.
You tentacle-slap the centaur zombie.
The centaur zombie is lightly damaged.
The centaur zombie closely misses you. The centaur zombie kicks you.
You completely miss the centaur zombie.
The centaur zombie is lightly damaged.
The centaur zombie closely misses you. The centaur zombie kicks you.
You tentacle-slap the centaur zombie but do no damage.
The centaur zombie is lightly damaged.
The centaur zombie barely misses you. The centaur zombie kicks you.
* * * LOW HITPOINT WARNING * * *
You tentacle-slap the centaur zombie but do no damage.
Your squeeze misses the centaur zombie.
The centaur zombie is lightly damaged.
The centaur zombie hits you.
* * * LOW HITPOINT WARNING * * *
The centaur zombie barely misses you.
You tentacle-slap the centaur zombie.
You squeeze the centaur zombie, but do no damage.
The centaur zombie is lightly damaged.
The centaur zombie hits you.
* * * LOW HITPOINT WARNING * * *
The centaur zombie kicks you.
* * * LOW HITPOINT WARNING * * *
You tentacle-slap the centaur zombie.
The centaur zombie is moderately damaged.
The centaur zombie hits you.
You die...

♣.♣##.....#.###
♣§§P#.........#
♣♣§♣#..####...#
♣.♣§...# ###.#
♣.P♣...♣.# #.#
♣.P♣.♣PP♣..#
### ♣.
.♣)♣♣.♣.# ♣
♣♣♣♣rP##Z# ♣♣#
#@# ###


You could see a centaur zombie.

Vanquished Creatures
  An orc wizard (D:3)
  A gnoll (D:1)
  3 adders
  A shadow imp (D:4)
  2 dart slugs
  2 orcs (D:3)
  3 ball pythons
  A bat (D:2)
  3 endoplasms
  A giant cockroach (D:2)
  6 goblins
  3 hobgoblins
  6 kobolds
  4 quokkas
  2 frilled lizards (D:2)
  A quokka skeleton (D:2)
40 creatures vanquished.

Vanquished Creatures (others)
  12 plants
12 creatures vanquished.

Grand Total: 52 creatures vanquished

Notes
Turn   | Place    | Note
-------+----------+-------------------------------------------
     0 | D:1      | H0rd4k the Octopode Transmuter began the quest for the Orb.
     0 | D:1      | Reached XP level 1. HP: 13/13 MP: 3/3
    63 | D:1      | Reached XP level 2. HP: 11/18 MP: 5/5
   793 | D:1      | Reached XP level 3. HP: 23/23 MP: 6/6
   797 | D:1      | Learned a level 3 spell: Spider Form
  1099 | D:1      | Found a faded altar of an unknown god.
  1530 | D:2      | Found a shimmering altar of Xom.
  1992 | D:3      | Reached XP level 4. HP: 16/28 MP: 6/8
  2208 | D:3      | Reached skill level 4 in Unarmed Combat
  3151 | D:3      | Found a runed translucent gate.
  3151 | D:3      | Found a runed translucent gate.
  3152 | D:3      | Found a runed translucent gate.
  3154 | D:3      | Noticed Atelerd's ghost (amateur OpEE)
  3358 | D:4      | Reached XP level 5. HP: 12/33 MP: 9/9
  3363 | D:4      | Slain by a centaur zombie

Illustrated notes

Levels and vault maps discovered:
D:1:      scummos_arrival_simple_crosswalls, layout_basic,
          dreamdust_ecumenical_altar_angels_and_demons, minmay_misc_feat_tiny,
          serial_bayou_lagoon_a, minmay_quantized
D:2:      layout_loops_cross, basic_altar
D:3:      layout_basic, ebering_ghost_rock_garden, dk_vineyard_3
D:4:      wad_woods_stonehenge, layout_basic, ebering_ghost_sewer_d

Skill      XL: |  1  2  3  4 |
---------------+-------------+-----
Unarmed Combat | 4 |  4.3
Spellcasting   | 3 |  3.0
Fighting       | |  1.1
Dodging        | |  2.3
Transmutations | |  2.5

Action                   |  1- 3 |  4- 6 || total
-------------------------+-------+-------++-------
Melee: Unarmed           |    65 |    49 ||   114
       Constrict         |    16 |    10 ||    26
       Tentacles         |     9 |    11 ||    20
       Punch             |     2 |       ||     2
       Kick              |     1 |       ||     1
 Cast: Beastly Appendage |     1 |       ||     1
 Stab: Sleeping          |     5 |     3 ||     8
Armor: Skin              |     2 |     3 ||     5
Dodge: Dodged            |    41 |    26 ||    67
